Cogmind - Beta 16 @@@ ROGUE MODE // 2026.01.18 @ 10:28:41 Player: Peregrine Result: Self-destructed Performance ------------- Evolutions (7) 3500 Regions Visited (22) 4400 Robots Destroyed (197) 985 Value Destroyed (16536) 16536 Prototype IDs (40) 800 Alien Tech Used (0) 0 Bonus (18421) 18421 TOTAL SCORE: 44642 Bonus ------- Triggered High Security 500 Triggered Max Security 1000 High Alert Combat Kills 5804 Follower Combat Kills 6494 Entered Garrisons 1400 Used RIF Installer 3500 Entered DSFs 500 Aligned with FarCom 300 Friendly Fire -1077 Cogmind --------- Core Integrity 817/1300 Matter 127/300 Energy 150/150 System Corruption 8% Temperature Cool (0) Movement Walking (120) Location -3/Quarantine Parts ------- > --- POWER (2) -------- Micro Antimatter Reactor > --- PROPULSION (6) --- Flexi-carbon Leg Flexi-carbon Leg Centrium Leg > --- UTILITY (9) ------ High-capacity Storage Unit Enhanced Optical Array Improved Weapon Cycler Relay Coupler [NC] (96) Relay Coupler [Swarmer] (80) Relay Coupler [Sentry] (95) > --- WEAPON (4) ------- (None) > --- INVENTORY (20) --- Advanced Heat Sink Advanced Heat Sink Matter Compressor (250) Experimental Reaction Control System Centrium Light Armor Plating Graphene Brace Relay Coupler [NC] (47) Relay Coupler [Demolisher] (37) Relay Coupler [Heavy] (12) Relay Coupler [Heavy] (21) Relay Coupler [Behemoth] (16) Improved Plasma Cutter Core Stripper Plasma Lance Sigix Corpse Sigix Corpse Peak State ------------ > --- POWER ------------ Quantum Reactor Reinforced Quantum Reactor > --- PROPULSION ------- Biometal Heavy Treads Advanced Heavy Siege Treads Heavy Shield Leg > --- UTILITY ---------- Advanced Heat Sink Advanced Heat Sink High-capacity Storage Unit Enhanced Optical Array Advanced Melee Analysis Suite Advanced Kinecellerator Improved Weapon Cycler Advanced Phase Shifter > --- WEAPON ----------- KE Penetrator Gamma Bomb Array Improved Remote Datajack > --- INVENTORY -------- Light Quantum Reactor Light Quantum Reactor Flexi-carbon Leg Flexi-carbon Leg Centrium Leg Centrium Leg Advanced Transmission Jammer Graphene Brace Relay Coupler [Grunt] Relay Coupler [Grunt] Relay Coupler [Sentry] Relay Coupler [Demolisher] Relay Coupler [Heavy] Wave Gun Wave Gun Quantum Rifle Enhanced Quantum Rifle KE Penetrator Improved Plasma Cutter [Rating: 149] Favorites ----------- Power Reinforced Quantum Reactor Engine Reinforced Deuterium Engine Power Core Reinforced Fission Core Reactor Reinforced Quantum Reactor Propulsion Flexi-carbon Leg Treads Light Treads Leg Flexi-carbon Leg Wheel Armored Huge Wheel Hover Unit Linear Gravjet Flight Unit Improved Cesium-ion Thruster Utility High-capacity Storage Unit Device Advanced Heat Sink Storage High-capacity Storage Unit Processor Enhanced Optical Array Hackware Relay Coupler [Sentry] Protection Hardened Heavy Armor Plating Weapon Quantum Rifle Energy Gun Quantum Rifle Energy Cannon Heavy Phase Cannon Ballistic Gun KE Penetrator Ballistic Cannon Light Cannon Launcher Gamma Bomb Array Special Weapon Improved Remote Datajack Piercing Weapon Plasma Lance Special Melee Weapon Advanced Datajack Build | -11 -10 -10 -10 -9 -8 -7 -7 -7 -7 -6 -6 -5 -5 -5 -5 -4 -4 -4 -4 -3 -3 -3 ------- Run | Yrd Mat Min Exi Min Mat Fac Gar Fac Gar Fac DSF Fac Gar Fac Gar Fac Gar Fac Gar Res Gar Qua Slots Evolved 14 | . . . . . 4 2 . . . 2 . 2 . . . 2 . . . 2 . . Power 1 | . . . . . . . . . . . . . . . . 1 . . . . . . Propulsion 4 | . . . . . 1 . . . . 1 . 2 . . . . . . . . . . Utility 7 | . . . . . 2 2 . . . 1 . . . . . 1 . . . 1 . . Weapon 2 | . . . . . 1 . . . . . . . . . . . . . . 1 . . Parts Attached 300 | . 3 . 3 1 19 6 35 7 13 . 7 8 26 2 46 1 37 4 36 9 33 4 Power 27 | . . . 1 . 2 . 4 . . . 1 . 1 . 6 . 2 . 2 . 7 1 Engine 9 | . . . 1 . 2 . 2 . . . . . 1 . 3 . . . . . . . Core 3 | . . . . . . . 1 . . . . . . . 2 . . . . . . . Reactor 15 | . . . . . . . 1 . . . 1 . . . 1 . 2 . 2 . 7 1 Propulsion 73 | . . . . . 7 1 6 1 2 . . 6 5 . 12 . 12 . 7 2 11 1 Treads 12 | . . . . . 4 . 1 . 2 . . . . . 2 . 3 . . . . . Leg 40 | . . . . . 3 . 3 . . . . . . . 5 . 9 . 6 2 11 1 Wheel 4 | . . . . . . . 2 1 . . . . 1 . . . . . . . . . Hover 15 | . . . . . . . . . . . . 6 4 . 5 . . . . . . . Flight 2 | . . . . . . 1 . . . . . . . . . . . . 1 . . . Utility 134 | . 1 . 1 . 5 2 12 5 8 . 5 1 14 2 21 1 20 3 18 4 9 2 Device 36 | . 1 . 1 . 4 . 7 . . . 2 1 . 1 3 . 3 2 6 2 3 . Storage 5 | . . . . . . 1 1 . . . . . 2 . . . . . 1 . . . Processor 8 | . . . . . . . . 1 . . . . . . 1 . 2 . 3 . 1 . Hackware 79 | . . . . . . 1 1 4 7 . 2 . 12 1 17 1 15 1 8 2 5 2 Protection 6 | . . . . . 1 . 3 . 1 . 1 . . . . . . . . . . . Artifact . | . . . . . . . . . . . . . . . . . . . . . . . Weapon 66 | . 2 . 1 1 5 3 13 1 3 . 1 1 6 . 7 . 3 1 9 3 6 . Energy Gun 20 | . . . . 1 2 1 6 . 1 . . . 2 . . . . 1 4 . 2 . Energy Cannon 3 | . . . . . 1 . . . . . . . . . 1 . 1 . . . . . Ballistic Gun 15 | . . . . . 1 2 1 . . . . 1 1 . 2 . . . 3 2 2 . Ballistic Cannon 9 | . 2 . 1 . 1 . 2 . 1 . . . . . 1 . . . . . 1 . Launcher 2 | . . . . . . . . . 1 . . . . . . . . . 1 . . . Special Weapon 12 | . . . . . . . 1 1 . . 1 . 3 . 3 . 1 . 1 1 . . Impact Weapon . | . . . . . . . . . . . . . . . . . . . . . . . Slashing Weapon . | . . . . . . . . . . . . . . . . . . . . . . . Piercing Weapon 4 | . . . . . . . 3 . . . . . . . . . . . . . 1 . Special Melee Weapon 1 | . . . . . . . . . . . . . . . . . 1 . . . . . Unidentified Prototypes 4 | . . . . . 1 1 . . . . . . . . 1 . . . 1 . . . Corrupted Parts 2 | . . . . . 2 . . . . . . . . . . . . . . . . . System Corruption 8 | . . . . . 8 . . . . . . . . . . . . . . . . . Parts Lost 73 | . . . . . 10 . 8 . 6 . . . . . 11 . 7 . 10 1 6 14 Power 7 | . . . . . 1 . 1 . . . . . . . . . 1 . 1 . 1 2 Propulsion 31 | . . . . . 3 . 4 . 1 . . . . . 8 . 5 . 3 1 2 4 Utility 15 | . . . . . 2 . 1 . 3 . . . . . 1 . 1 . 3 . 2 2 Weapon 20 | . . . . . 4 . 2 . 2 . . . . . 2 . . . 3 . 1 6 Highest Loss Streak 14 | . . . . . 9 . 4 . 3 . . . . . 6 . 2 . 8 1 4 14 To Critical Strikes 1 | . . . . . . . . . . . . . . . 1 . . . . . . . Average Backups 16 | 6 6 7 7 6 6 7 14 16 17 19 18 18 19 20 19 19 18 19 18 18 17 17 Power 1 | 1 1 1 1 1 1 . 1 1 1 2 2 2 2 2 2 2 1 2 1 . . . Propulsion 1 | 4 4 4 4 4 2 . 1 . . . 1 . 2 2 . . . 4 2 . . . Utility 10 | . . . . . 1 4 6 12 12 14 13 12 11 12 13 14 13 10 10 15 10 11 Weapon 2 | 1 1 2 2 . 1 2 5 2 3 3 . 2 1 2 1 1 1 1 2 2 4 3 Tool/Special . | . . . . . . . . . . . . . . . . . . . . . . . Unused Backups 57 | . 6 . . . 4 . 8 . 3 . 3 1 4 . . . 2 . 6 . 11 9 Power 7 | . 1 . . . . . 1 . . . 1 . . . . . 1 . 1 . 2 . Propulsion 8 | . 2 . . . 3 . 2 . . . . . . . . . . . . . 1 . Utility 31 | . 1 . . . . . 3 . 2 . 2 1 4 . . . 1 . 2 . 8 7 Weapon 9 | . 2 . . . 1 . 2 . 1 . . . . . . . . . 2 . . 1 Tool/Special 2 | . . . . . . . . . . . . . . . . . . . 1 . . 1 Average Slot Usage (%) 85 | . 97 100 71 83 72 79 74 83 68 60 64 75 90 93 93 81 90 81 84 99 97 96 Engine 2 | . 14 14 14 14 7 7 2 . . . . . 4 4 . . . . . . . . Reactor 4 | . . . . . . . 3 7 7 6 2 4 . 1 . . 8 10 9 9 8 7 Treads 3 | . . . . . 9 23 6 . 1 13 13 . . . . . 1 10 7 . . . Leg 11 | . 28 28 28 28 13 . . . . . . . . . 13 26 24 5 10 27 27 26 Wheel 1 | . . . . . . . 4 7 4 . . . 4 5 . . . . . . . . Hover 5 | . . . . . . . . . . . . 34 24 23 16 . . . . . . . Device 11 | . 12 14 13 1 9 10 21 15 12 13 12 11 7 8 5 5 6 5 17 19 12 10 Storage 6 | . 14 14 14 14 9 11 7 7 7 6 6 5 5 5 5 5 5 5 5 4 4 4 Processor 1 | . . . . . . . . . . . . . . . . . 3 5 5 4 6 5 Hackware 15 | . . . . . . 6 . 21 18 20 20 17 23 25 27 23 23 23 12 13 17 20 Energy Gun 6 | . . . . 12 13 1 14 15 10 . 3 . 9 11 5 . . 2 7 6 3 . Energy Cannon 1 | . . . . . 1 . . . . . . . . . 1 5 6 5 . . . . Ballistic Gun 3 | . . . . . 1 13 . . . . . . 1 . 3 5 4 4 3 8 10 10 Ballistic Cannon 2 | . 27 28 1 12 5 3 1 . . . . . . . . . . . . . . 2 Special Weapon 2 | . . . . . . . 1 7 2 . 4 . 2 5 3 4 4 3 1 2 . 1 Peak Build Rating 149 | 6 7 7 12 14 44 57 73 72 71 42 59 85 95 92 101 81 125 134 149 139 139 131 Average Rating 81 | 6 6 7 7 7 17 52 55 66 54 42 43 73 87 89 86 78 96 128 127 136 126 123 On Entrance 63 | 6 6 7 7 12 7 44 55 72 60 42 42 54 65 89 92 80 81 124 132 127 139 127 Avg Prop Armor Cover (%) 13 | . . . . . 7 . 7 . . . . 4 12 12 9 . 15 15 15 . . . Naked Turns . | . . . . . . . . . . . . . . . . . . . . . . . Heaviest Build 125 | 12 15 15 9 13 39 63 117 89 125 72 81 73 76 84 84 83 109 115 124 114 114 113 Greatest Support 160 | 20 20 20 20 20 60 60 60 28 40 40 40 54 56 28 95 95 160 155 155 155 155 135 Greatest Overweight (x) 27 | . . . . . 1 1 6 3 27 1 2 1 2 2 5 . 1 . 1 . . 1 Average Overweight (x) . | . . . . . . . 2 3 4 1 . . 1 2 . . . . . . . . Largest Inventory Capacity 20 | 8 8 8 8 8 8 20 20 20 20 20 20 20 20 20 20 20 20 20 20 20 20 20 Average Capacity 18 | 8 8 8 8 8 8 15 20 20 20 20 20 20 20 20 20 20 20 20 20 20 20 20 Most Carried 20 | 6 8 7 8 8 8 18 20 20 20 20 20 20 20 20 20 20 20 20 20 20 20 20 Average Carried 17 | 6 6 7 7 6 6 9 18 19 18 20 18 18 19 19 19 19 18 19 18 18 17 19 Final Capacity 20 | 8 8 8 8 8 8 20 20 20 20 20 20 20 20 20 20 20 20 20 20 20 20 20 Final Carried 20 | 6 7 7 8 7 5 18 20 18 20 20 20 20 20 20 20 19 20 18 20 19 19 17 Class Distribution -------------------- 40% | Commander-Skirmisher 16% | Bothacker-Skirmisher 9% | Mutant 7% | Commander-Mutant 4% | Commander-Tank 4% | Scavenger-Skirmisher 4% | Botlord-Skirmisher 3% | Bothacker-Mutant 3% | Skirmisher Dominant Class ---------------- Mutant | -10/Materials Mutant | -10/Mines Mutant | -10/Exiles Mutant | -9/Mines Skirmisher | -8/Materials Scavenger-Skirmisher | -7/Factory Skirmisher | -7/Garrison Bothacker-Skirmisher | -7/Factory Bothacker-Skirmisher | -7/Garrison Commander-Mutant | -6/Factory Bothacker-Mutant | -6/DSF Bothacker-Mutant | -5/Factory Bothacker-Skirmisher | -5/Garrison Bothacker-Skirmisher | -5/Factory Commander-Skirmisher | -5/Garrison Commander-Skirmisher | -4/Factory Commander-Skirmisher | -4/Garrison Commander-Skirmisher | -4/Factory Commander-Tank | -4/Garrison Botlord-Skirmisher | -3/Research Commander-Skirmisher | -3/Garrison Commander-Skirmisher | -3/Quarantine Resources | -11 -10 -10 -10 -9 -8 -7 -7 -7 -7 -6 -6 -5 -5 -5 -5 -4 -4 -4 -4 -3 -3 -3 ----------- Run | Yrd Mat Min Exi Min Mat Fac Gar Fac Gar Fac DSF Fac Gar Fac Gar Fac Gar Fac Gar Res Gar Qua Matter Collected 10590 | 200 329 149 43 . 447 175 1053 112 834 . 140 . 1283 . 1343 . 1087 246 1406 134 1287 322 Remotely . | . . . . . . . . . . . . . . . . . . . . . . . Salvage Created 9698 | . 269 67 . . 561 22 1434 73 563 . 179 . 912 . 681 . 361 568 898 . 1138 1972 Parts 415 | . 19 14 . . 33 1 58 5 23 . 5 . 24 . 36 . 12 20 44 . 50 71 Haulers Intercepted 2 | . . . . . 1 1 . . . . . . . . . . . . . . . . Recyclers Shooed . | . . . . . . . . . . . . . . . . . . . . . . . Parts Field Recycled . | . . . . . . . . . . . . . . . . . . . . . . . Retrieved Matter . | . . . . . . . . . . . . . . . . . . . . . . . Parts Self-Destructed . | . . . . . . . . . . . . . . . . . . . . . . . Prevented . | . . . . . . . . . . . . . . . . . . . . . . . Parts Restored . | . . . . . . . . . . . . . . . . . . . . . . . Kills | -11 -10 -10 -10 -9 -8 -7 -7 -7 -7 -6 -6 -5 -5 -5 -5 -4 -4 -4 -4 -3 -3 -3 ------- Run | Yrd Mat Min Exi Min Mat Fac Gar Fac Gar Fac DSF Fac Gar Fac Gar Fac Gar Fac Gar Res Gar Qua Combat Hostiles Destroyed 166 | . 6 8 . . 10 . 21 1 20 . 4 . 9 . 15 . 6 4 18 . 21 23 Melee 4 | . . . . . . . . . . . . . . . 2 . . . . . 2 . Guns 82 | . . . . . 5 . 12 1 4 . 4 . 8 . 12 . 2 1 16 . 12 5 Cannons 44 | . 6 8 . . 4 . 9 . 7 . . . . . 1 . 4 2 . . 1 2 AOE 28 | . . . . . 1 . . . 8 . . . . . . . . 1 1 . 5 12 Classes Destroyed 24 | . 6 . . . 7 . 3 . 1 . . . . . 1 . . 1 2 . 1 2 Worker 5 | . 1 . . . 1 . . . . . . . . . . . . 3 . . . . Tunneler 1 | . . . . . . . . . . . . . . . . . . 1 . . . . Hauler 2 | . . . . . 1 1 . . . . . . . . . . . . . . . . Recycler 5 | . 2 . . . . . . . . . . . . . . . . 3 . . . . Mechanic 2 | . . . . . 1 . . . . . . . . . . . . . . . . 1 Operator 3 | . 1 . . . 1 . . . . . . . . . . . . . . . . 1 Watcher 5 | . 3 . . . 1 . . 1 . . . . . . . . . . . . . . Swarmer 38 | . 3 8 . . . . . . 8 . . . 1 . 5 . . 1 3 . 9 . Cutter 6 | . . . . . . . 3 . . . . . . . . . . . 3 . . . Saboteur 7 | . . . . . . . . . . . . . . . 3 . . . 2 . . 2 Grunt 47 | . 3 . . . 4 . 11 . 2 . 4 . 2 . 3 . 3 1 . . 5 9 Brawler 6 | . . . . . . . . . . . . . 3 . . . . 1 . . 2 . Duelist 6 | . . . . . . . 3 . . . . . . . . . . . . . 1 2 Protector 1 | . . . . . . . . . . . . . . . . . . . . . . 1 Sentry 13 | . . . . . 2 . 2 . 6 . . . . . 1 . . . 1 . . 1 Demolisher 1 | . . . . . . . . . . . . . . . . . . . . . . 1 Specialist 6 | . . . . . 2 . . . . . . . . . . . . . . . . 4 Hunter 5 | . . . . . 1 . . . . . . . . . 1 . . . 3 . . . Programmer 29 | . . . . . . . 2 1 4 . . . 3 . 2 . 3 1 4 . 3 6 Heavy 1 | . . . . . 1 . . . . . . . . . . . . . . . . . Behemoth 1 | . . . . . . . . . . . . . . . . . . . 1 . . . Striker 1 | . . . . . . . . . . . . . . . . . . . . . 1 . Executioner 2 | . . . . . . . . . . . . . . . . . . . 1 . . 1 Zionite 1 | . . . . . 1 . . . . . . . . . . . . . . . . . Thug 1 | . . . . . . . . . . . . . . . . . . . . . . 1 Savage 1 | . . . . . . . . . 1 . . . . . . . . . . . . . Infiltrator 1 | . . . . . . . . . . . . . . . 1 . . . . . . . Best Kill Streak 16 | . 3 3 . . 5 1 5 1 6 . 4 . 3 . 3 . 3 8 5 . 8 16 Combat Bots Only 15 | . 2 3 . . 5 . 5 1 6 . 4 . 3 . 3 . 3 1 5 . 8 15 Max Kills in Single Turn 8 | . 1 1 . . 2 1 1 1 3 . 1 . 2 . 1 . 2 8 2 . 4 7 Gunslinging 1 | . . . . . . . . . . . . . . . . . . . 1 . 1 . Exploded 6 | . . . . . 1 . . . 3 . . . . . . . . 1 1 . 4 6 Melee 1 | . . . . . . . . . . . . . . . 1 . . . . . 1 . Uniques/NPCs Destroyed . | . . . . . . . . . . . . . . . . . . . . . . . Combat | -11 -10 -10 -10 -9 -8 -7 -7 -7 -7 -6 -6 -5 -5 -5 -5 -4 -4 -4 -4 -3 -3 -3 -------- Run | Yrd Mat Min Exi Min Mat Fac Gar Fac Gar Fac DSF Fac Gar Fac Gar Fac Gar Fac Gar Res Gar Qua Hostile Shots Fired 1420 | . 22 38 . . 94 32 147 11 239 . 33 3 54 . 72 11 62 1 226 14 142 219 Missed 448 | . 8 13 . . 27 11 42 1 74 . 11 3 12 . 12 4 13 1 48 10 46 112 Hits 972 | . 14 25 . . 67 21 105 10 165 . 22 . 42 . 60 7 49 . 178 4 96 107 Melee 49 | . . . . . . . 21 . . . . . . . 3 . . . 19 . 5 1 Projectile 923 | . 14 25 . . 67 21 84 10 165 . 22 . 42 . 57 7 49 . 159 4 91 106 AOE 11 | . . . . . . . 2 . . . . . . . 1 . . . 1 . . 7 Critical Strikes 47 | . . . . . 2 . 11 . 1 . 1 . . . 3 . 3 . 17 . 7 2 Actively Blocked 23 | . . . . . . . 11 . . . 1 . . . . . . . 11 . . . Part Disruptions 2 | . . . . . . . 1 . . . . . . . . . 1 . . . . . Damage Taken 19133 | . 145 191 . . 1250 255 1953 93 2086 . 449 . 872 19 1182 192 1274 92 4356 108 2594 2022 Core 2009 | . 31 39 . . 143 18 143 47 307 . 20 . 161 . 154 . 238 7 218 . 300 183 Absorbed by Shields 10 | . . . . . . 5 . . . . . . 5 . . . . . . . . . Reduced by Siege Mode 594 | . . . . . . . . . . . . . . . . . . . 594 . . . Redirected to Shielding 13 | . . . . . . . 13 . . . . . . . . . . . . . . . Ignored by Resistances 37 | . . . . . . . . . . . . . . . 37 . . . . . . . Regen/Repaired (Parts) 783 | . . . . . . . . . . . . . . . . . . . 438 . 345 . Core Remaining (%) 70 | 100 . . . 72 74 . . . 26 . 97 . . . 68 . . . 59 . . . Volleys Fired 1048 | . 36 18 . 1 49 10 102 24 96 . 15 2 157 4 118 7 92 25 148 12 93 39 Largest 4 | . 2 2 . 2 3 2 3 2 3 . 1 1 3 1 3 2 3 3 3 3 4 4 Hottest 268 | . 60 60 . 80 145 45 268 188 268 . 80 33 234 7 217 123 213 249 240 178 267 175 Shots Fired 1734 | . 73 35 . 2 93 20 233 27 139 . 15 2 188 4 149 8 123 39 276 14 226 68 Gun 1101 | . . . . 1 47 20 184 6 101 . 13 2 152 . 97 1 27 18 210 7 180 35 Cannon 347 | . 73 35 . 1 46 . 48 . 19 . . . . . 18 1 52 6 24 . 14 10 Launcher 18 | . . . . . . . . . 7 . . . . . . . . . 2 . 2 7 Special 268 | . . . . . . . 1 21 12 . 2 . 36 4 34 6 44 15 40 7 30 16 Kinetic 643 | . 73 35 . 1 55 20 65 . 19 . . 2 71 . 50 1 22 9 61 5 109 45 Thermal 658 | . . . . 1 10 . 110 6 101 . 13 . 38 . 46 1 57 15 173 2 85 . Explosive 7 | . . . . . . . . . 7 . . . . . . . . . . . . . Electromagnetic 158 | . . . . . 28 . 57 . . . . . 43 . 19 . . . 2 . 2 7 Robot Hit Streak 71 | . 11 3 . 1 10 6 71 4 12 . 17 . 31 2 14 5 16 18 64 5 13 9 Robot Miss Streak 8 | . 4 4 . 3 5 6 8 5 3 . 1 . 2 2 5 1 3 1 4 3 6 4 Penetration Max 2 | . . . . . . . . . . . . . 1 . 1 . 1 . 1 . 2 2 Secondary Targets 11 | . . . . . . . 1 . . . . . . . . . . . 8 . 2 . Max Gunslinging Chain 1 | . . . . . . . 1 . . . . . . . . . . . 1 . 1 . Shots Hit Robots 1038 | . 35 11 . 1 65 14 177 13 68 . 15 . 118 2 80 7 60 20 176 9 121 46 Core Hits 587 | . 14 7 . . 31 3 114 3 40 . 14 . 41 . 31 1 7 12 71 1 48 149 Critical Kills 9 | . . . . . . . . . . . . . 1 . 7 . . . 1 . . . Critical Parts Destroyed 12 | . . . . . . . . . . . . . 1 . 7 . . . 1 . 3 . Critical Strikes 35 | . . 1 . . 1 . 2 . 2 . . . 2 . 15 . . 1 3 . 7 1 Burn 4 | . . . . . . . 1 . . . . . . . . . . . 1 . 2 . Destroy 22 | . . . . . . . . . . . . . 2 . 14 . . 1 2 . 3 . Blast 5 | . . 1 . . 1 . . . 2 . . . . . . . . . . . . 1 Corrupt 1 | . . . . . . . . . . . . . . . 1 . . . . . . . Impale 3 | . . . . . . . 1 . . . . . . . . . . . . . 2 . Melee Attacks 43 | . . . . . . . 19 . . . . . . . . . . . . . 23 1 Impact . | . . . . . . . . . . . . . . . . . . . . . . . Slashing . | . . . . . . . . . . . . . . . . . . . . . . . Piercing 43 | . . . . . . . 19 . . . . . . . . . . . . . 23 1 Sneak Attacks 2 | . . . . . . . . . . . . . . . . . . . . . 2 . Combat Hostiles . | . . . . . . . . . . . . . . . . . . . . . . . Follow-up Attacks 3 | . . . . . . . 3 . . . . . . . . . . . . . . . Damage Inflicted 29224 | . 581 171 . 16 1392 238 4185 75 3167 . 351 . 1803 . 968 19 1065 1506 4299 69 3263 6056 Guns 15206 | . . . . . 566 238 2726 66 1275 . 351 . 1803 . 859 19 222 170 3685 69 2522 635 Cannons 5577 | . 581 171 . 16 659 . 863 . 1207 . . . . . 109 . 820 144 386 . 333 288 Explosions 7732 | . . . . . 167 . 72 . 685 . . . . . . . 23 1192 228 . 232 5133 Melee 700 | . . . . . . . 524 . . . . . . . . . . . . . 176 . Ramming 9 | . . . . . . . . 9 . . . . . . . . . . . . . . Kinetic 8867 | . 581 171 . 16 718 238 1089 . 1207 . . . 898 . 247 19 222 109 885 47 1497 923 Thermal 14069 | . . . . . 266 . 2104 66 1275 . 351 . 717 . 537 . 820 1397 3186 22 1358 1970 Explosive 708 | . . . . . . . . . 685 . . . . . . . 23 . . . . . Electromagnetic 4871 | . . . . . 408 . 468 . . . . . 188 . 184 . . . 228 . 232 3163 Impact . | . . . . . . . . . . . . . . . . . . . . . . . Slashing . | . . . . . . . . . . . . . . . . . . . . . . . Piercing 700 | . . . . . . . 524 . . . . . . . . . . . . . 176 . Highest Corruption 14 | . 4 4 4 4 8 . 6 6 9 . . . 3 3 4 . 5 5 14 . 2 8 Average Corruption 5 | . 3 4 4 4 6 . 5 6 8 . . . 2 3 3 . 4 5 10 . 1 3 Corruption Purged . | . . . . . . . . . . . . . . . . . . . . . . . Corruption Blocked . | . . . . . . . . . . . . . . . . . . . . . . . Effects 587 | . 16 17 13 5 . . 49 19 118 . . . 44 3 72 . 42 17 143 . 23 6 Message Errors 161 | . 6 5 3 2 . . 12 7 35 . . . 13 1 16 . 14 2 36 . 7 2 Matter Fused 122 | . 2 1 1 . . . 19 3 19 . . . 9 2 17 . 7 2 34 . 5 1 Heat Flow Errors 79 | . 2 1 1 1 . . 6 4 14 . . . 6 . 9 . 8 4 18 . 4 1 Energy Discharges 68 | . . 3 3 1 . . 5 1 15 . . . 5 . 7 . 4 1 22 . 1 . Parts Rejected 3 | . . . . . . . . . . . . . 1 . . . . 1 1 . . . Parts Fused 8 | . 1 . 1 . . . . . 1 . . . . . 1 . 1 . 3 . . . Data Loss (minor) 72 | . 2 6 3 1 . . 6 3 20 . . . 1 . 9 . 2 3 14 . 1 1 Data Loss (major) 28 | . 1 . . . . . 1 1 5 . . . 6 . 4 . 1 2 4 . 3 . Misfires 22 | . 1 . . . . . . . 4 . . . 3 . 4 . 4 2 4 . . . Alerts 12 | . 1 . 1 . . . . . 4 . . . . . 3 . 1 . 2 . . . Misdirections 1 | . . . . . . . . . . . . . . . . . . . 1 . . . Weapon Failures 11 | . . 1 . . . . . . 1 . . . . . 2 . . . 4 . 2 1 Overload Shots . | . . . . . . . . . . . . . . . . . . . . . . . Overflow Damage 611 | . 6 . . . 52 . 13 . 121 . . . . . . . 30 283 . . 12 94 Projectiles 169 | . 6 . . . 49 . 3 . 79 . . . . . . . 30 . . . 2 . Explosions 422 | . . . . . 3 . . . 42 . . . . . . . . 283 . . . 94 Melee 20 | . . . . . . . 10 . . . . . . . . . . . . . 10 . Knockbacks 37 | . 10 . . 1 3 . 17 . 4 . . . . . . . . . . . . 2 Impact . | . . . . . . . . . . . . . . . . . . . . . . . Kinetic 37 | . 10 . . 1 3 . 17 . 4 . . . . . . . . . . . . 2 Secondary . | . . . . . . . . . . . . . . . . . . . . . . . Self-Inflicted Damage 590 | . . . . . 54 . 30 4 109 . . . 54 . . . . . 49 . 91 199 Shots 32 | . . . . . 1 . 1 . 3 . . . 1 . . . . . 4 . 8 14 Rammed 1 | . . . . . . . . 1 . . . . . . . . . . . . . . Targets Rammed 2 | . . . . . 1 . . 1 . . . . . . . . . . . . . . Kicked 1 | . . . . . 1 . . . . . . . . . . . . . . . . . Crushed . | . . . . . . . . . . . . . . . . . . . . . . . Highest Temperature 437 | . 170 140 257 276 102 . 309 224 437 . 270 76 248 . 252 . 342 246 362 96 199 135 Average Temperature 83 | . 67 75 128 124 32 . 87 86 115 . 96 14 51 . 24 . 89 71 101 55 91 71 Received Heat Transfer 2879 | . 36 . . . 252 63 507 36 540 . 195 . 186 . 75 18 127 . 282 9 373 180 Effects 11 | . . . . . . . . . 7 . . . . . . . 1 . 3 . . . Shutdowns 1 | . . . . . . . . . 1 . . . . . . . . . . . . . Energy Bleed 1 | . . . . . . . . . 1 . . . . . . . . . . . . . Interference 7 | . . . . . . . . . 4 . . . . . . . . . 3 . . . Matter Decay 1 | . . . . . . . . . . . . . . . . . 1 . . . . . Short Circuit 1 | . . . . . . . . . 1 . . . . . . . . . . . . . Siege Activations 3 | . . . . . . . . . . . . . . . . . . . 3 . . . Total Turns 138 | . . . . . . . . . . . . . . . . . . . 138 . . . Longest Duration 57 | . . . . . . . . . . . . . . . . . . . 57 . . . Martial Activations . | . . . . . . . . . . . . . . . . . . . . . . . Shielding Activations . | . . . . . . . . . . . . . . . . . . . . . . . Robots Disrupted 2 | . . . . . . . 2 . . . . . . . . . . . . . . . Combat Hostiles 2 | . . . . . . . 2 . . . . . . . . . . . . . . . Robots Corrupted 5 | . . . . . . . . . . . . . . . . . . . . . . 5 Combat Hostiles 4 | . . . . . . . . . . . . . . . . . . . . . . 4 Parts Fried 12 | . . . . . 1 . 2 . . . . . . . . . . . . . . 9 Impact Corruptions . | . . . . . . . . . . . . . . . . . . . . . . . Robots Melted 7 | . . . . . . . 2 . 2 . . . 1 . . . . . 1 . 1 . Combat Hostiles 4 | . . . . . . . . . 1 . . . 1 . . . . . 1 . 1 . Parts Melted 41 | . . . . . 1 . 4 . 7 . . . 5 . . . 4 . 12 . 7 1 Heat Transferred 20661 | . . . . . 446 . 4442 74 1682 . 775 . 1307 . 1048 . 777 1022 5593 50 2069 1376 Parts Sabotaged 9 | . . . . . . . . . . . . . . . 5 . . . 4 . . . Parts Stolen . | . . . . . . . . . . . . . . . . . . . . . . . Parts Stripped . | . . . . . . . . . . . . . . . . . . . . . . . Power Chain Reactions 8 | . . . . . 2 . 1 . . . . . . . . . . . . . . 5 Alert | -11 -10 -10 -10 -9 -8 -7 -7 -7 -7 -6 -6 -5 -5 -5 -5 -4 -4 -4 -4 -3 -3 -3 ------- Run | Yrd Mat Min Exi Min Mat Fac Gar Fac Gar Fac DSF Fac Gar Fac Gar Fac Gar Fac Gar Res Gar Qua Maximum Alert Level 5 | . . . . . . . 4 3 5 4 4 2 5 4 5 5 5 5 5 5 5 5 Low Security (%) 12 | 100 100 100 . 100 100 100 2 . . . . . . . . . . . . . . . Level 1 2 | . . . . . . . 28 . . . . . 2 . . . . . . . . . Level 2 8 | . . . . . . . 16 73 13 . . 100 19 . . . . . . . . . Level 3 8 | . . . . . . . 32 26 17 . 25 . 21 . 2 . . . . . . . Level 4 18 | . . . . . . . 20 . 23 100 74 . 22 100 15 31 25 71 . . 29 . Level 5 48 | . . . . . . . . . 45 . . . 33 . 82 68 73 21 99 100 70 . High Security . | . . . . . . . . . . . . . . . . . . 7 . . . . Max Security . | . . . . . . . . . . . . . . . . . . . . . . 99 Sterilizations 1 | . . . . . . . . . . . 1 . . . . . . . . . . . Peak Influence 3153 | . 87 85 . 91 154 122 1520 798 2858 1500 1146 601 2526 1325 3153 1654 2643 2307 3146 1795 2701 2191 Initial 1769 | . . . . . 7 63 85 798 422 1500 1053 601 298 1325 886 1654 1097 1387 1614 1769 1282 1518 Average 1469 | . 24 20 . 25 78 18 730 648 1591 1500 1112 516 1306 1291 2188 1612 1931 1593 2200 1749 1903 1737 Influence Increases 19283 | . 327 205 . 91 558 263 1575 159 2606 5 233 16 2328 62 2497 24 1896 1508 1972 151 1599 1208 Destroy 0b10 Robot/C 5345 | . 120 160 . 60 260 80 560 60 640 . 160 . 420 20 645 . 375 390 411 48 420 516 Destroy 0b10 Robot/NC 275 | . 35 . . . 30 15 30 20 5 . . . 20 . . 12 . 84 6 . . 18 Destroy Leader 632 | . 26 30 . 10 74 36 50 34 40 . 20 . 20 10 40 . 24 76 32 18 42 50 Allied During Kill 2961 | . . . . 21 43 32 31 42 158 . 38 . 361 30 374 12 307 550 226 66 166 504 Successful Hack 148 | . 38 . . . 14 . 7 . 21 5 . 14 . . 7 . 22 . 15 . 5 . Disable Machine 471 | . 75 . . . 30 . 45 . 15 . . . . . . . 24 228 . 9 9 36 Anti-Garrison Action 7492 | . . . . . . . 750 . 1600 . . . 1300 . 1176 . 866 . 1050 . 750 . Destroy Structure 1418 | . 3 . . . 17 . 57 3 127 . . 2 177 2 120 . 278 180 178 10 180 84 Lose Combat Pursuer 441 | . 30 15 . . 90 . 45 . . . 15 . 30 . 135 . . . 54 . 27 . Active Sensor Use 100 | . . . . . . 100 . . . . . . . . . . . . . . . . Influence Decreases 17257 | . 325 207 . 70 440 280 177 1076 351 1358 592 735 229 1321 611 1609 821 1844 1133 1587 608 1883 Entered New Map 12005 | . . 2 . . 14 76 37 722 181 1358 452 545 129 1201 381 1499 471 1256 693 1377 428 1183 Time Decay 2212 | . 325 205 . 70 256 204 . 334 . . . 190 . 120 . 110 . 278 . 120 . . Lost Part 705 | . . . . . 75 . 80 . 60 . . . . . 110 . 70 . 100 10 60 140 Lost Ally 2335 | . . . . . 95 . 60 20 110 . 140 . 100 . 120 . 280 310 340 80 120 560 Squads Dispatched 37 | . . . . . 4 5 . 6 . . 1 . . 1 . . . 6 . 2 . 12 Investigation 2 | . . . . . . 2 . . . . . . . . . . . . . . . . Extermination 4 | . . . . . . 1 . 2 . . . . . . . . . 1 . . . . Reinforcement 8 | . . . . . 2 . . 2 . . 1 . . 1 . . . 2 . . . . Assault 15 | . . . . . . . . . . . . . . . . . . 1 . 2 . 12 Garrison 8 | . . . . . 2 2 . 2 . . . . . . . . . 2 . . . . Intercept . | . . . . . . . . . . . . . . . . . . . . . . . Searches Triggered . | . . . . . . . . . . . . . . . . . . . . . . . Construction Impeded 1 | . . . . . . . . . . . . . . . . . . 1 . . . . Haulers Reinforced . | . . . . . . . . . . . . . . . . . . . . . . . Active Scanning Responses 1 | . . . . . . 1 . . . . . . . . . . . . . . . . Cargo Convoy Interrupts . | . . . . . . . . . . . . . . . . . . . . . . . Stealth | -11 -10 -10 -10 -9 -8 -7 -7 -7 -7 -6 -6 -5 -5 -5 -5 -4 -4 -4 -4 -3 -3 -3 --------- Run | Yrd Mat Min Exi Min Mat Fac Gar Fac Gar Fac DSF Fac Gar Fac Gar Fac Gar Fac Gar Res Gar Qua Distress Signals 11 | . 1 . . . 4 . . . . . . . . . . . . 2 . 2 . 2 Communications Jammed 101 | . . . . . . . . . . . . . . . . . . 101 . . . . Distress Signals 100 | . . . . . . . . . . . . . . . . . . 100 . . . . Times Spotted 505 | . 13 9 . 1 20 6 29 13 35 . 11 3 39 2 56 6 45 26 57 8 47 79 Peak Tracking Total 31 | . 2 3 . 1 8 3 4 3 6 . 4 3 7 2 12 4 7 6 13 4 7 31 Tactical Retreats 19 | . 2 1 . . 4 . 1 . . . 1 . 2 . 2 . . . 3 . 3 . Traps | -11 -10 -10 -10 -9 -8 -7 -7 -7 -7 -6 -6 -5 -5 -5 -5 -4 -4 -4 -4 -3 -3 -3 ------- Run | Yrd Mat Min Exi Min Mat Fac Gar Fac Gar Fac DSF Fac Gar Fac Gar Fac Gar Fac Gar Res Gar Qua Traps Triggered 40 | . 2 . . . . 1 9 . 6 . . . 8 . 3 . 4 . 6 . 1 . Indirectly 1 | . . . . . . . . . . . . . . . . . . . 1 . . . Trap Hack Attempts . | . . . . . . . . . . . . . . . . . . . . . . . Triggered . | . . . . . . . . . . . . . . . . . . . . . . . Disarmed . | . . . . . . . . . . . . . . . . . . . . . . . Reprogrammed . | . . . . . . . . . . . . . . . . . . . . . . . Reused . | . . . . . . . . . . . . . . . . . . . . . . . Traps Extracted . | . . . . . . . . . . . . . . . . . . . . . . . Installed . | . . . . . . . . . . . . . . . . . . . . . . . Triggered . | . . . . . . . . . . . . . . . . . . . . . . . Most Traps Carried 1 | . . . . . . . . . 1 1 . . . . . . . . . . . . Machines | -11 -10 -10 -10 -9 -8 -7 -7 -7 -7 -6 -6 -5 -5 -5 -5 -4 -4 -4 -4 -3 -3 -3 ---------- Run | Yrd Mat Min Exi Min Mat Fac Gar Fac Gar Fac DSF Fac Gar Fac Gar Fac Gar Fac Gar Res Gar Qua Machines Disabled 86 | . 5 . . . 2 . 9 . 4 . . . 7 . 7 . 13 19 7 1 8 4 Max in Single Turn 13 | . 1 . . . . . 2 . 1 . . . 2 . 2 . 2 13 2 . 1 1 Garrison Relay 31 | . . . . . . . 5 . 3 . . . 5 . 4 . 5 . 5 . 4 . Phase Generator 6 | . . . . . . . 1 . . . . . 1 . 1 . 1 . 1 . 1 . Machines Repaired . | . . . . . . . . . . . . . . . . . . . . . . . Machines Dismantled . | . . . . . . . . . . . . . . . . . . . . . . . Machines Sabotaged . | . . . . . . . . . . . . . . . . . . . . . . . Overloaded Fab Kills . | . . . . . . . . . . . . . . . . . . . . . . . Hacking | -11 -10 -10 -10 -9 -8 -7 -7 -7 -7 -6 -6 -5 -5 -5 -5 -4 -4 -4 -4 -3 -3 -3 --------- Run | Yrd Mat Min Exi Min Mat Fac Gar Fac Gar Fac DSF Fac Gar Fac Gar Fac Gar Fac Gar Res Gar Qua Machines Accessed 42 | . 5 . 2 1 3 3 2 2 4 1 . 3 1 1 2 1 3 1 3 1 3 . Terminals 30 | . 5 . . . 3 . 2 1 4 1 . 2 1 . 2 . 3 . 3 . 3 . Fabricators 1 | . . . . . . 1 . . . . . . . . . . . . . . . . Repair Stations . | . . . . . . . . . . . . . . . . . . . . . . . Recycling Units . | . . . . . . . . . . . . . . . . . . . . . . . Scanalyzers 1 | . . . . . . 1 . . . . . . . . . . . . . . . . Garrison Access 7 | . . . . . . 1 . 1 . . . 1 . 1 . 1 . 1 . 1 . . Total Hacks 79 | . 19 . 2 1 7 10 3 2 6 1 . 6 1 1 3 1 3 1 5 1 6 . Successful 44 | . 11 . 2 1 4 5 2 1 2 1 . 3 1 1 1 1 3 1 2 1 1 . Failed 34 | . 8 . . . 3 4 1 1 4 . . 3 . . 2 . . . 3 . 5 . Catastrophic 7 | . . . . . . 1 . 1 1 . . . . . 1 . . . 1 . 2 . Database Lockouts 1 | . . . . . . 1 . . . . . . . . . . . . . . . . Manual 31 | . 17 . 1 . 7 . . 1 . . . 5 . . . . . . . . . . Terminals 60 | . 19 . . . 7 . 3 1 6 1 . 5 1 . 3 . 3 . 5 . 6 . Fabricators 5 | . . . . . . 5 . . . . . . . . . . . . . . . . Repair Stations . | . . . . . . . . . . . . . . . . . . . . . . . Recycling Units . | . . . . . . . . . . . . . . . . . . . . . . . Scanalyzers 3 | . . . . . . 3 . . . . . . . . . . . . . . . . Garrison Access 8 | . . . . . . 2 . 1 . . . 1 . 1 . 1 . 1 . 1 . . Terminal Hacks 19 | . 3 . 2 1 . . 2 . 2 1 . . 1 . 1 . 3 . 2 . 1 . Record 1 | . . . 1 . . . . . . . . . . . . . . . . . . . Prototype ID Bank 1 | . 1 . . . . . . . . . . . . . . . . . . . . . Open Door 6 | . . . . 1 . . 1 . 1 . . . . . 1 . . . 1 . 1 . Open DSF 1 | . . . . . . . . . . 1 . . . . . . . . . . . . Emergency Access Points 6 | . 1 . . . . . 1 . 1 . . . 1 . . . 1 . 1 . . . Zone Layout 1 | . 1 . . . . . . . . . . . . . . . . . . . . . Garrison Registry 1 | . . . . . . . . . . . . . . . . . 1 . . . . . Patrol Navigation 1 | . . . . . . . . . . . . . . . . . 1 . . . . . Proto ID Catalog 1 | . . . 1 . . . . . . . . . . . . . . . . . . . Fabricator Hacks 2 | . . . . . . 2 . . . . . . . . . . . . . . . . Network Status 1 | . . . . . . 1 . . . . . . . . . . . . . . . . Build 1 | . . . . . . 1 . . . . . . . . . . . . . . . . Repair Station Hacks . | . . . . . . . . . . . . . . . . . . . . . . . Recycling Unit Hacks . | . . . . . . . . . . . . . . . . . . . . . . . Scanalyzer 2 | . . . . . . 2 . . . . . . . . . . . . . . . . Retrieve Study 2 | . . . . . . 2 . . . . . . . . . . . . . . . . Garrison Access Hacks 7 | . . . . . . 1 . 1 . . . 1 . 1 . 1 . 1 . 1 . . Unlock Access 7 | . . . . . . 1 . 1 . . . 1 . 1 . 1 . 1 . 1 . . Unauthorized Hacks 14 | . 8 . . . 4 . . . . . . 2 . . . . . . . . . . Terminals 14 | . 8 . . . 4 . . . . . . 2 . . . . . . . . . . Botnet 3 | . 2 . . . 1 . . . . . . . . . . . . . . . . . Operators 1 | . 1 . . . . . . . . . . . . . . . . . . . . . Skim 10 | . 5 . . . 3 . . . . . . 2 . . . . . . . . . . Fabricators . | . . . . . . . . . . . . . . . . . . . . . . . Repair Stations . | . . . . . . . . . . . . . . . . . . . . . . . Recycling Units . | . . . . . . . . . . . . . . . . . . . . . . . Scanalyzers . | . . . . . . . . . . . . . . . . . . . . . . . Garrison Access . | . . . . . . . . . . . . . . . . . . . . . . . Data Cores Recovered 3 | . 1 . . . 2 . . . . . . . . . . . . . . . . . Used 2 | . 1 . . . 1 . . . . . . . . . . . . . . . . . Hacking Detections 26 | . 5 . . . 3 2 . 1 3 1 . 2 . . 2 . 2 . 1 1 3 . Full Trace Events 6 | . . . . . . 1 . . 1 . . . . . 1 . . . 1 . 2 . Feedback Events . | . . . . . . . . . . . . . . . . . . . . . . . Feedback Blocked . | . . . . . . . . . . . . . . . . . . . . . . . Robot Schematics Acquired . | . . . . . . . . . . . . . . . . . . . . . . . Robots Built 4 | . . . . . . 4 . . . . . . . . . . . . . . . . Authchips . | . . . . . . . . . . . . . . . . . . . . . . . Time 134 | . . . . . . 134 . . . . . . . . . . . . . . . . Total Robot Build Rating 16 | . . . . . . 16 . . . . . . . . . . . . . . . . Part Schematics Acquired . | . . . . . . . . . . . . . . . . . . . . . . . Parts Built . | . . . . . . . . . . . . . . . . . . . . . . . Authchips . | . . . . . . . . . . . . . . . . . . . . . . . Time . | . . . . . . . . . . . . . . . . . . . . . . . Total Part Build Rating . | . . . . . . . . . . . . . . . . . . . . . . . Part Studies Acquired 2 | . . . . . . 2 . . . . . . . . . . . . . . . . Parts Repaired . | . . . . . . . . . . . . . . . . . . . . . . . Time . | . . . . . . . . . . . . . . . . . . . . . . . Parts Recycled . | . . . . . . . . . . . . . . . . . . . . . . . Recycled Matter . | . . . . . . . . . . . . . . . . . . . . . . . Retrieved Matter . | . . . . . . . . . . . . . . . . . . . . . . . Retrieved Components . | . . . . . . . . . . . . . . . . . . . . . . . Parts Scanalyzed . | . . . . . . . . . . . . . . . . . . . . . . . Part Schematics Acquired . | . . . . . . . . . . . . . . . . . . . . . . . Parts Damaged . | . . . . . . . . . . . . . . . . . . . . . . . Bothacking | -11 -10 -10 -10 -9 -8 -7 -7 -7 -7 -6 -6 -5 -5 -5 -5 -4 -4 -4 -4 -3 -3 -3 ------------ Run | Yrd Mat Min Exi Min Mat Fac Gar Fac Gar Fac DSF Fac Gar Fac Gar Fac Gar Fac Gar Res Gar Qua Used RIF Installer 7 | . . . . . . . 1 . 1 . . . 1 . 1 . 1 . 1 . 1 . Code Merge 1 | . . . . . . . . . . . . . . . . . . . . . 1 . Command Fork 2 | . . . . . . . . . 1 . . . . . . . 1 . . . . . Threat Obfuscator 2 | . . . . . . . . . . . . . . . 1 . . . 1 . . . Watcher Feeds 1 | . . . . . . . . . . . . . 1 . . . . . . . . . Robots Hacked 138 | . . . . . . . . 9 7 . . . 21 1 21 5 21 12 20 4 13 4 Non-combat 16 | . . . . . . . . 3 . . . . . . . 1 . 7 2 2 . 1 Combat 122 | . . . . . . . . 6 7 . . . 21 1 21 4 21 5 18 2 13 3 Robot Hacks Applied 145 | . . . . . . . . 9 7 . . . 21 1 21 5 28 12 20 4 13 4 parse_system 9 | . . . . . . . . . . . . . . . . . 8 . 1 . . . deconstruct_machine 1 | . . . . . . . . . . . . . . . . . . 1 . . . . map_walls 2 | . . . . . . . . 1 . . . . . . . . . 1 . . . . map_earth 1 | . . . . . . . . 1 . . . . . . . . . . . . . . drop_inventory 1 | . . . . . . . . . . . . . . . . . . 1 . . . . find_recycling 1 | . . . . . . . . . . . . . . . . . . 1 . . . . locate_traps 1 | . . . . . . . . . . . . . . . . . . . . . . 1 block_reporting 1 | . . . . . . . . . . . . . . . . . . . . 1 . . map_route 6 | . . . . . . . . 1 . . . . . . . 1 . 3 . 1 . . find_garrison 1 | . . . . . . . . . . . . . . . . . . 1 . . . . link_fov 1 | . . . . . . . . . . . . . . . . . 1 . . . . . focus_fire 1 | . . . . . . . . . . . . . . . . . 1 . . . . . scatter_targeting 1 | . . . . . . . . . . . . . . . . . 1 . . . . . spike_heat 1 | . . . . . . . . . . . . . . . . . . . 1 . . . overload_power 3 | . . . . . . . . . . . . . 1 . . . . . 1 . 1 . amplify_resonance 6 | . . . . . . . . . . . . . 1 . 2 . 2 . 1 . . . disable_weapons 5 | . . . . . . . . . 2 . . . . . . . 2 . . . 1 . streamctrl_high 1 | . . . . . . . . . . . . . 1 . . . . . . . . . formatsys_low 2 | . . . . . . . . . . . . . . . . . . . 2 . . . formatsys_high 100 | . . . . . . . . 6 5 . . . 18 1 19 4 13 4 14 2 11 3 Relay Couplers Released 132 | . . . . . . . 25 . 13 . . . 22 . 17 . 20 . 19 . 16 . Machine Destruction 128 | . . . . . . . 21 . 13 . . . 22 . 17 . 20 . 19 . 16 . Programmers 4 | . . . . . . . 4 . . . . . . . . . . . . . . . Attached 78 | . . . . . . . 1 4 7 . 2 . 12 1 17 1 15 1 8 2 5 2 Merged Code Value 231 | . . . . . . . . . . . . . . . . . . . . . 223 8 Fabnet Peak Effective % . | . . . . . . . . . . . . . . . . . . . . . . . Robots Rewired 19 | . . . . . . . . . . . . . 6 . 3 . 1 . 8 . 1 . Allies Hacked 8 | . . . . . . . . . 1 . . . 1 . . . 2 1 . . 1 2 Hacks Repelled . | . . . . . . . . . . . . . . . . . . . . . . . Allies | -11 -10 -10 -10 -9 -8 -7 -7 -7 -7 -6 -6 -5 -5 -5 -5 -4 -4 -4 -4 -3 -3 -3 -------- Run | Yrd Mat Min Exi Min Mat Fac Gar Fac Gar Fac DSF Fac Gar Fac Gar Fac Gar Fac Gar Res Gar Qua Total Allies 166 | . . 3 . 3 . 4 1 6 8 . . . 28 1 26 5 19 5 29 3 19 6 Largest Group 42 | . . 3 3 6 6 4 3 6 9 7 6 . 20 20 39 35 38 42 25 28 36 37 Highest-Rated Group 2093 | . . 40 40 114 114 48 36 137 353 248 223 . 690 702 1462 1445 1845 2093 1280 1421 1802 1867 Highest-Rated Ally 142 | . . 16 16 31 31 12 20 32 95 95 95 . 80 80 85 116 116 142 142 142 142 142 Total Orders 80 | . . . 2 2 . 2 2 . 3 . . . 13 . 24 . 9 2 7 2 12 . STAY 35 | . . . . . . . . . 1 . . . 7 . 11 . 4 . 6 1 5 . ROAM 2 | . . . . . . . . . . . . . . . . . 2 . . . . . FOLLOW 28 | . . . . . . . . . 1 . . . 6 . 13 . 3 . . 1 4 . AID 4 | . . . . . . . . . . . . . . . . . . . 1 . 3 . EXPLORE 7 | . . . 1 1 . 1 1 . 1 . . . . . . . . 2 . . . . RETURN 4 | . . . 1 1 . 1 1 . . . . . . . . . . . . . . . Ally Attacks 1238 | . . . . 8 30 51 45 20 53 . 41 . 165 11 75 . 152 183 118 44 105 137 Total Damage 36124 | . . . . 81 384 667 708 408 1769 . 1006 . 3246 103 2163 . 4257 5575 4771 1354 2875 6757 Kills 207 | . . . . 3 4 6 7 5 14 . 4 . 14 1 21 3 19 44 16 4 14 28 Allies Corrupted 6 | . . . . . . . . . . . . . 2 . . . . . 2 . . 2 Allies Melted 4 | . . . . . . . . . 1 . . . . . . . . 2 1 . . . Intel | -11 -10 -10 -10 -9 -8 -7 -7 -7 -7 -6 -6 -5 -5 -5 -5 -4 -4 -4 -4 -3 -3 -3 ------- Run | Yrd Mat Min Exi Min Mat Fac Gar Fac Gar Fac DSF Fac Gar Fac Gar Fac Gar Fac Gar Res Gar Qua Active Infowar (turns) 13071 | . 859 814 269 . 10 906 10 . . . . . . 1 3 . 2124 650 3841 251 3053 280 Optics 10199 | . . . . . . . . . . . . . . . . . 2124 650 3841 251 3053 280 Sensors 1943 | . 859 814 269 . . . . . . . . . . 1 . . . . . . . . A.S.S. 926 | . . . . . 10 906 10 . . . . . . . . . . . . . . . Spoofing 3 | . . . . . . . . . . . . . . . 3 . . . . . . . Jamming 184 | . . . . . . . . . . . . . . . . . . 184 . . . . Robot Analysis Total . | . . . . . . . . . . . . . . . . . . . . . . . Derelict Logs Recovered 4 | . . 2 . 2 . . . . . . . . . . . . . . . . . . Drone Launches 7 | . . . 1 1 . 1 1 . 1 . . . . . . . . 2 . . . . Drone Recoveries 5 | . . . 1 1 . 1 1 . . . . . . . . . . 1 . . . . Exploration | -11 -10 -10 -10 -9 -8 -7 -7 -7 -7 -6 -6 -5 -5 -5 -5 -4 -4 -4 -4 -3 -3 -3 ------------- Run | Yrd Mat Min Exi Min Mat Fac Gar Fac Gar Fac DSF Fac Gar Fac Gar Fac Gar Fac Gar Res Gar Qua Turns Passed 30013 | 2 981 814 435 299 568 906 2515 751 3841 10 426 387 3154 240 3465 233 2899 650 3853 251 3053 280 Spaces Moved 15384 | 2 427 569 333 215 285 397 1164 452 1393 5 141 283 1750 145 1980 105 1447 313 1958 110 1776 134 Core 91 | . . . . . . . . . 91 . . . . . . . . . . . . . Treads 2788 | . . . . . 58 397 264 . 103 5 141 . . . 7 . 227 313 1273 . . . Legs 6664 | 2 427 569 333 215 227 . 18 . . . . . . . 843 105 1220 . 685 110 1776 134 Wheels 4299 | . . . . . . . 876 452 1199 . . . 1514 145 113 . . . . . . . Hover 1536 | . . . . . . . . . . . . 283 236 . 1017 . . . . . . . Flight 6 | . . . . . . . 6 . . . . . . . . . . . . . . . Fastest Speed 20 | 120 120 120 120 120 120 163 115 145 130 240 160 20 25 130 35 120 120 152 120 120 120 120 Average Speed 139 | 120 120 120 120 120 131 182 164 145 224 240 234 87 116 130 95 120 147 152 148 120 120 121 Slowest Speed 1400 | 120 120 120 120 120 190 243 425 145 1400 240 320 104 130 130 270 120 225 152 190 120 120 190 Overloaded Moves . | . . . . . . . . . . . . . . . . . . . . . . . Propulsion Burnouts . | . . . . . . . . . . . . . . . . . . . . . . . Robots Hopped . | . . . . . . . . . . . . . . . . . . . . . . . Potential Cave-ins . | . . . . . . . . . . . . . . . . . . . . . . . Cave-ins Triggered 1 | . . . . . . . . . . . . . . . . . . . . . 1 . Exploration Rate (%) 55 | 2 66 91 91 97 22 10 99 11 90 . 87 8 98 5 92 7 97 17 97 7 99 30 Regions Visited 22 Branch Regions 4 Pre-discovered Areas 1 | . . 1 . . . . . . . . . . . . . . . . . . . . Known Exits Taken 10 | . . . 1 . 1 1 . 1 . 1 . 1 . 1 . 1 . 1 . 1 . . Unknown Exits Taken 4 | 1 1 1 . 1 . . . . . . . . . . . . . . . . . . Scrap Searched 1 | . . 1 . . . . . . . . . . . . . . . . . . . . Spaces Dug 46 | . . . . . . . . . 11 . . 3 1 . 10 . . . 2 . 18 1 Terrain Destroyed 664 | . . . . . 18 . 78 2 27 . . 3 79 . 66 . 143 20 96 . 96 36 Melee 14 | . . . . . . . . . . . . . . . . . . . . . 14 . Projectile 67 | . . . . . 9 . 5 2 3 . . 3 1 . 12 . 6 2 9 . 13 2 AOE 582 | . . . . . 9 . 73 . 24 . . . 78 . 54 . 137 18 87 . 68 34 Terrain Rammed . | . . . . . . . . . . . . . . . . . . . . . . . Walls Destroyed . | . . . . . . . . . . . . . . . . . . . . . . . Machines Disabled . | . . . . . . . . . . . . . . . . . . . . . . . Actions | -11 -10 -10 -10 -9 -8 -7 -7 -7 -7 -6 -6 -5 -5 -5 -5 -4 -4 -4 -4 -3 -3 -3 --------- Run | Yrd Mat Min Exi Min Mat Fac Gar Fac Gar Fac DSF Fac Gar Fac Gar Fac Gar Fac Gar Res Gar Qua Total 22686 | 1 824 664 369 255 394 562 1568 522 1994 4 228 424 2713 195 3442 208 2154 463 2709 224 2563 206 Wait 4665 | . 353 78 30 35 10 127 84 31 400 . 28 105 558 38 1120 95 463 113 370 86 535 6 Move 15363 | 1 426 568 332 214 284 396 1163 451 1392 4 140 283 1749 145 1979 104 1445 313 1957 109 1774 134 Hop . | . . . . . . . . . . . . . . . . . . . . . . . Pick Up 338 | . 4 . . 1 15 14 42 2 19 . 15 6 32 1 49 . 46 . 46 3 37 6 Fast Attach 61 | . . . 1 . 6 . 6 2 3 . . . 7 2 12 . 1 3 15 2 1 . Attach 223 | . 3 . . 2 13 6 22 2 14 . 10 11 20 . 33 1 32 2 25 3 17 7 Detach 55 | . . . 2 1 2 3 6 . 5 . 6 7 7 . 8 . 3 . 3 . 2 . Swap 202 | . . . 2 . 3 4 22 4 12 . 3 3 22 2 29 1 19 4 26 5 34 7 Drop 271 | . 2 . 2 1 11 . 41 4 11 . 11 7 29 3 36 . 30 2 33 4 38 6 Fire 1048 | . 36 18 . 1 49 10 102 24 96 . 15 2 157 4 118 7 92 25 148 12 93 39 Melee 40 | . . . . . . . 16 . . . . . . . . . . . . . 23 1 Ram 1 | . . . . . . . . 1 . . . . . . . . . . . . . . Kick 1 | . . . . . 1 . . . . . . . . . . . . . . . . . Crush . | . . . . . . . . . . . . . . . . . . . . . . . Escape Stasis 222 | . . . . . . 2 64 . 40 . . . 71 . 16 . 20 . 8 . 1 . Rewire 196 | . . . . . . . . 1 2 . . . 61 . 42 . 3 1 78 . 8 . Trap . | . . . . . . . . . . . . . . . . . . . . . . . Miscellaneous . | . . . . . . . . . . . . . . . . . . . . . . . Route ------- -11/Scrapyard -10/Materials (discovered 5 exits: *Mat x2 / [*Min x2] / *Sub) -10/Mines (discovered 4 exits: *Mat x2 / *Exi / *Sub) -10/Exiles (discovered 2 exits: *Min x2) -9/Mines (discovered 2 exits: *Mat x2) -8/Materials -7/Factory -7/Garrison (discovered 3 exits: *Fac x3) -7/Factory -7/Garrison (discovered 3 exits: *Fac x3) -6/Factory -6/DSF -5/Factory -5/Garrison (discovered 3 exits: *Fac x3) -5/Factory -5/Garrison (discovered 3 exits: *Fac x3) -4/Factory -4/Garrison (discovered 3 exits: *Fac x3) -4/Factory (discovered 3 exits: *Res / [Upp] / Gar) -4/Garrison (discovered 3 exits: *Res x3) -3/Research -3/Garrison (discovered 3 exits: [*Qua x3]) -3/Quarantine History --------- Turn | Location | Event 1 | -11/Scrapyard | Discovered new exit (range 1) 3 | -11/Scrapyard | Entered Materials 242 | -10/Materials | Discovered new exit (range 11) 255 | -10/Materials | Discovered new exit (range 11) 255 | -10/Materials | Discovered new exit (range 21) 317 | -10/Materials | Build established: Mutant 359 | -10/Materials | Discovered new exit (range 16) 606 | -10/Materials | Discovered new exit (range 8) 630 | -10/Materials | Learned 4 Recycling zone layouts 682 | -10/Materials | Learned Storage trap positions 725 | -10/Materials | Loaded intel: 33 non-interactive machine locations 786 | -10/Materials | Learned location of 2 exits from Mines 802 | -10/Materials | Learned 4 Subcaves zone layouts 829 | -10/Materials | Learned Storage garrison access intel 865 | -10/Materials | Learned Storage security intel 984 | -10/Materials | Entered Mines 985 | -10/Mines | Identified exit to Materials 985 | -10/Mines | Identified exit to Subcaves 1006 | -10/Mines | Learned Materials garrison access intel 1199 | -10/Mines | Found DCF Scrap (13 items) 1231 | -10/Mines | Discovered exit to Materials (range 9) 1324 | -10/Mines | Learned location of Storage (-8) 1640 | -10/Mines | Assisted by bots powering up and referring to "LRC-V3" 1787 | -10/Mines | Deemed a non-threat by the Exiles lab entrance 1788 | -10/Mines | Discovered new exit (range 5) 1798 | -10/Mines | Entered Exiles 1798 | -10/Exiles | Accompanied by 3 allies 1799 | -10/Exiles | Identified exit to Mines 1834 | -10/Exiles | Met 8R-AWN 1855 | -10/Exiles | Met EX-HEX 1930 | -10/Exiles | Met EX-BIN 1945 | -10/Exiles | Aligned with FarCom system 1946 | -10/Exiles | Given EX-Vault access code 1973 | -10/Exiles | Opened EX-Vault 2019 | -10/Exiles | Warned to stay clear of 0b10 Research branches 2070 | -10/Exiles | Found Supersonic Drone Bay 2151 | -10/Exiles | Met EX-DEC 2233 | -10/Exiles | Left Exiles lab with Supersonic Drone Bay 2233 | -10/Exiles | Entered Mines 2233 | -9/Mines | Accompanied by 3 allies 2242 | -9/Mines | Discovered new exit (range 29) 2252 | -9/Mines | Discovered new exit (range 60) 2298 | -9/Mines | Learned Materials garrison access intel 2301 | -9/Mines | Met a Derelict bent on vengeance 2375 | -9/Mines | Learned Materials garrison access intel 2412 | -9/Mines | Found a hidden stash of uninstalled traps 2465 | -9/Mines | Met a Derelict who couldn't figure out how to use a Trap Extractor 2485 | -9/Mines | Found a Scrap Suit stashed away for nefarious purposes 2510 | -9/Mines | Received a Mining Laser from a helpful Derelict 2532 | -9/Mines | Entered Materials 2532 | -8/Materials | Accompanied by 6 allies 2532 | -8/Materials | Evolved 4 slots: Propulsion x1, Utility x2, Weapon x1 2533 | -8/Materials | Loaded intel: 1 garrison access location 2537 | -8/Materials | Led the pair of lost Derelicts to an unsafe place 2857 | -8/Materials | Build established: Skirmisher 2903 | -8/Materials | Garrison activated, responded to threat 2909 | -8/Materials | Lost 4 allies 2956 | -8/Materials | Lost 9 parts (3n2u4w) 3062 | -8/Materials | Found Corrupted Prototype Device 3063 | -8/Materials | Discovered new exit (range 4) 3090 | -8/Materials | Identified Active Sensor Suite 3096 | -8/Materials | Identified exit to Factory 3100 | -8/Materials | Entered Factory 3100 | -7/Factory | Evolved 2 slots: Utility x2 3230 | -7/Factory | Identified exit to Garrison 3365 | -7/Factory | Build established: Scavenger-Skirmisher 3413 | -7/Factory | Fabricated S-27 Virus (x4) 3668 | -7/Factory | Garrison activated, responded to threat 3857 | -7/Factory | Central database locked down 3997 | -7/Factory | Garrison activated, responded to threat 4006 | -7/Factory | Entered Garrison 4006 | -7/Garrison | Accompanied by 3 allies 4124 | -7/Garrison | Garrison Relay disabled 4377 | -7/Garrison | Triggered checkpoint 4443 | -7/Garrison | Lost 3 parts (1n1u1w) 4620 | -7/Garrison | Triggered checkpoint 4772 | -7/Garrison | Triggered checkpoint 4820 | -7/Garrison | Lost 4 parts (1p3n) 4956 | -7/Garrison | Discovered new exit (range 8) 4982 | -7/Garrison | Rescued a captive Derelict 5122 | -7/Garrison | Triggered checkpoint 5204 | -7/Garrison | Phase Generator disabled 5216 | -7/Garrison | Discovered new exit (range 11) 5327 | -7/Garrison | H-XX Assembler disabled 5376 | -7/Garrison | Triggered checkpoint 5503 | -7/Garrison | Discovered new exit (range 68) 5575 | -7/Garrison | Build established: Skirmisher 5676 | -7/Garrison | Triggered checkpoint 5798 | -7/Garrison | Installed Relay Interface Framework 5820 | -7/Garrison | Triggered checkpoint 5846 | -7/Garrison | Garrison Relay disabled 6012 | -7/Garrison | Garrison Relay disabled 6148 | -7/Garrison | Spotted B-75 Beast 6290 | -7/Garrison | Garrison Relay disabled 6324 | -7/Garrison | Build established: Bothacker-Skirmisher 6448 | -7/Garrison | Garrison Relay disabled 6521 | -7/Garrison | Entered Factory 6521 | -7/Factory | Accompanied by 1 ally 7250 | -7/Factory | Identified exit to Garrison 7272 | -7/Factory | Entered Garrison 7272 | -7/Garrison | Accompanied by 6 allies 7442 | -7/Garrison | Garrison Relay disabled 7627 | -7/Garrison | Triggered checkpoint 7710 | -7/Garrison | Triggered checkpoint 7842 | -7/Garrison | Discovered new exit (range 36) 7938 | -7/Garrison | Core integrity fell below 50% 8056 | -7/Garrison | Triggered checkpoint 8156 | -7/Garrison | Garrison Relay disabled 8178 | -7/Garrison | Triggered checkpoint 8222 | -7/Garrison | Discovered new exit (range 15) 8228 | -7/Garrison | Found embedded Infiltrators 8526 | -7/Garrison | Triggered checkpoint 8759 | -7/Garrison | Discovered new exit (range 10) 8781 | -7/Garrison | Rescued a captive Derelict 8846 | -7/Garrison | Garrison Relay disabled 9600 | -7/Garrison | Triggered checkpoint 9688 | -7/Garrison | Lost 3 parts (1n2w) 9951 | -7/Garrison | Build established: Commander-Mutant 10017 | -7/Garrison | Expanded RIF knowledge: Command Fork 11113 | -7/Garrison | Entered Factory 11113 | -6/Factory | Accompanied by 7 allies 11113 | -6/Factory | Evolved 2 slots: Propulsion x1, Utility x1 11123 | -6/Factory | Identified exit to DSF 11123 | -6/Factory | Entered DSF 11123 | -6/DSF | Accompanied by 7 allies 11139 | -6/DSF | Additional patrols routed to DSF 11364 | -6/DSF | Lost 4 allies 11369 | -6/DSF | Sterilization system engaged 11389 | -6/DSF | Ambient heat levels rising (+10) 11404 | -6/DSF | Ambient heat levels rising (+10) 11419 | -6/DSF | Ambient heat levels rising (+10) 11434 | -6/DSF | Ambient heat levels rising (+10) 11449 | -6/DSF | Ambient heat levels rising (+10) 11464 | -6/DSF | Ambient heat levels rising (+10) 11479 | -6/DSF | Ambient heat levels rising (+10) 11494 | -6/DSF | Ambient heat levels rising (+10) 11504 | -6/DSF | Build established: Bothacker-Mutant 11509 | -6/DSF | Ambient heat levels rising (+10) 11515 | -6/DSF | Discovered new exit (range 15) 11524 | -6/DSF | Ambient heat levels rising (+10) 11539 | -6/DSF | Ambient heat levels rising (+10) 11549 | -6/DSF | Entered Factory 11549 | -5/Factory | Evolved 2 slots: Propulsion x2 11933 | -5/Factory | Spotted B-75 Beast 11936 | -5/Factory | Identified exit to Garrison 11936 | -5/Factory | Entered Garrison 11953 | -5/Garrison | Garrison Relay disabled 11972 | -5/Garrison | Triggered checkpoint 12027 | -5/Garrison | Garrison Relay disabled 12150 | -5/Garrison | Triggered checkpoint 12261 | -5/Garrison | Triggered checkpoint 12451 | -5/Garrison | Garrison Relay disabled 12508 | -5/Garrison | Triggered checkpoint 12523 | -5/Garrison | Discovered new exit (range 14) 12602 | -5/Garrison | Triggered checkpoint 12632 | -5/Garrison | Triggered checkpoint 12750 | -5/Garrison | Triggered checkpoint 13020 | -5/Garrison | Build established: Bothacker-Skirmisher 13129 | -5/Garrison | Triggered checkpoint 13151 | -5/Garrison | Triggered checkpoint 13307 | -5/Garrison | Garrison Relay disabled 13648 | -5/Garrison | Discovered new exit (range 14) 13699 | -5/Garrison | Lost 4 allies 13924 | -5/Garrison | Discovered new exit (range 5) 13959 | -5/Garrison | Garrison Relay disabled 13975 | -5/Garrison | Triggered checkpoint 14110 | -5/Garrison | Phase Generator disabled 14111 | -5/Garrison | Found embedded Infiltrators 14154 | -5/Garrison | Build established: Commander-Skirmisher 14160 | -5/Garrison | Expanded RIF knowledge: Watcher Feeds 15082 | -5/Garrison | Build established: Bothacker-Skirmisher 15090 | -5/Garrison | Entered Factory 15090 | -5/Factory | Accompanied by 19 allies 15292 | -5/Factory | Identified exit to Garrison 15330 | -5/Factory | Entered Garrison 15330 | -5/Garrison | Accompanied by 20 allies 15374 | -5/Garrison | Phase Generator disabled 15743 | -5/Garrison | Build established: Commander-Skirmisher 15761 | -5/Garrison | Spotted B-75 Beast 15765 | -5/Garrison | Assimilated Beast 6a with formatsys_high 15909 | -5/Garrison | Discovered new exit (range 5) 15922 | -5/Garrison | Triggered checkpoint 16003 | -5/Garrison | Garrison Relay disabled 16036 | -5/Garrison | Triggered checkpoint 16112 | -5/Garrison | Build established: Commander-Mutant 16168 | -5/Garrison | Triggered checkpoint 16178 | -5/Garrison | Triggered checkpoint 16190 | -5/Garrison | Triggered checkpoint 16266 | -5/Garrison | Garrison Relay disabled 16284 | -5/Garrison | Discovered new exit (range 14) 16288 | -5/Garrison | Triggered checkpoint 16299 | -5/Garrison | Expanded RIF knowledge: Threat Obfuscation 16522 | -5/Garrison | Build established: Commander-Skirmisher 17148 | -5/Garrison | Lost 6 parts (5n1w) 17388 | -5/Garrison | Spotted B-75 Beast 17400 | -5/Garrison | Assimilated Beast 6b with formatsys_high 17444 | -5/Garrison | Found Relay Coupler [Proto] 17446 | -5/Garrison | Found Relay Coupler [Proto] 17453 | -5/Garrison | Found Relay Coupler [Proto] 17478 | -5/Garrison | Discovered new exit (range 13) 17800 | -5/Garrison | Garrison Relay disabled 17856 | -5/Garrison | Triggered checkpoint 17928 | -5/Garrison | Garrison Relay disabled 18795 | -5/Garrison | Entered Factory 18795 | -4/Factory | Accompanied by 30 allies 18795 | -4/Factory | Evolved 2 slots: Power x1, Utility x1 18934 | -4/Factory | Spotted B-86 Titan 18937 | -4/Factory | Assimilated Titan 7a with formatsys_high 18948 | -4/Factory | Identified exit to Garrison 19028 | -4/Factory | Entered Garrison 19028 | -4/Garrison | Accompanied by 35 allies 19037 | -4/Garrison | Expanded RIF knowledge: Command Fork 19142 | -4/Garrison | Triggered checkpoint 19201 | -4/Garrison | Phase Generator disabled 19307 | -4/Garrison | Garrison Relay disabled 19332 | -4/Garrison | Triggered checkpoint 19359 | -4/Garrison | Triggered checkpoint 19362 | -4/Garrison | Triggered checkpoint 19363 | -4/Garrison | Spotted B-86 Titan 19383 | -4/Garrison | Allies destroyed B-86 Titan 19398 | -4/Garrison | Triggered checkpoint 19425 | -4/Garrison | Lost 14 allies 19634 | -4/Garrison | Discovered new exit (range 10) 19646 | -4/Garrison | Triggered checkpoint 19680 | -4/Garrison | Garrison Relay disabled 19758 | -4/Garrison | H-XX Assembler disabled 19767 | -4/Garrison | P-70 Sage assimilated allied Veteran 7g 20091 | -4/Garrison | Discovered new exit (range 13) 20138 | -4/Garrison | Spotted Striker 20167 | -4/Garrison | P-70 Sage assimilated allied Veteran 7i 20802 | -4/Garrison | Triggered checkpoint 20827 | -4/Garrison | Garrison Relay disabled 20977 | -4/Garrison | Discovered new exit (range 53) 20977 | -4/Garrison | Discovered new exit (range 29) 20977 | -4/Garrison | Discovered new exit (range 18) 21023 | -4/Garrison | Spotted Striker 21154 | -4/Garrison | Assimilated Striker with formatsys_high 21157 | -4/Garrison | Assimilated Striker with formatsys_high 21317 | -4/Garrison | Triggered checkpoint 21321 | -4/Garrison | Garrison Relay disabled 21368 | -4/Garrison | Triggered checkpoint 21927 | -4/Garrison | Entered Factory 21927 | -4/Factory | Accompanied by 38 allies 21935 | -4/Factory | Discovered new exit (range 10) 22210 | -4/Factory | Discovered new exit (range 45) 22426 | -4/Factory | Garrison activated, responded to threat 22427 | -4/Factory | First assault squad dispatched 22447 | -4/Factory | Allies destroyed Beast 6b 22485 | -4/Factory | Allies destroyed Striker 22529 | -4/Factory | High security lockdown imminent 22546 | -4/Factory | Identified exit to Garrison 22553 | -4/Factory | Lost 19 allies 22577 | -4/Factory | Entered Garrison 22577 | -4/Garrison | Accompanied by 14 allies 22601 | -4/Garrison | Lost 4 allies 22621 | -4/Garrison | Spotted B-86 Titan 22625 | -4/Garrison | Allies destroyed B-86 Titan 22657 | -4/Garrison | Lost 3 allies 22910 | -4/Garrison | Expanded RIF knowledge: Threat Obfuscation 22976 | -4/Garrison | Lost 4 allies 23065 | -4/Garrison | Triggered checkpoint 23065 | -4/Garrison | Spotted B-86 Titan 23074 | -4/Garrison | Triggered checkpoint 23122 | -4/Garrison | Allies destroyed B-86 Titan 23142 | -4/Garrison | Lost 7 allies 23233 | -4/Garrison | Triggered checkpoint 23254 | -4/Garrison | Garrison Relay disabled 23308 | -4/Garrison | Discovered new exit (range 16) 23531 | -4/Garrison | Discovered new exit (range 18) 23608 | -4/Garrison | Spotted Executioner 23608 | -4/Garrison | Spotted Executioner 23619 | -4/Garrison | Destroyed Executioner 23665 | -4/Garrison | Allies destroyed Executioner 23675 | -4/Garrison | Lost 3 allies 23706 | -4/Garrison | Found Prototype Device 23707 | -4/Garrison | Identified Adv. Kinecellerator 23756 | -4/Garrison | Rewired Executioner 23794 | -4/Garrison | Found Gamma Bomb Array 24041 | -4/Garrison | Garrison Relay disabled 24140 | -4/Garrison | System corruption reached 10% 24192 | -4/Garrison | Garrison Relay disabled 24236 | -4/Garrison | Discovered new exit (range 19) 24867 | -4/Garrison | Build established: Commander-Tank 25239 | -4/Garrison | Spotted B-86 Titan 25321 | -4/Garrison | Destroyed B-86 Titan 25351 | -4/Garrison | Lost 8 parts (1p3n2u2w) 25466 | -4/Garrison | Garrison Relay disabled 25841 | -4/Garrison | Build established: Botlord-Skirmisher 26239 | -4/Garrison | Garrison Relay disabled 26315 | -4/Garrison | Phase Generator disabled 26430 | -4/Garrison | Entered Research 26430 | -3/Research | Accompanied by 25 allies 26430 | -3/Research | Evolved 2 slots: Utility x1, Weapon x1 26478 | -3/Research | Spotted B-86 Titan 26494 | -3/Research | Allies destroyed B-86 Titan 26515 | -3/Research | Lost 3 allies 26588 | -3/Research | Identified exit to Garrison 26680 | -3/Research | First assault squad dispatched 26681 | -3/Research | Entered Garrison 26681 | -3/Garrison | Accompanied by 23 allies 26703 | -3/Garrison | Triggered checkpoint 26737 | -3/Garrison | Expanded RIF knowledge: Code Merge 26843 | -3/Garrison | Spotted B-86 Titan 26852 | -3/Garrison | Allies destroyed B-86 Titan 26865 | -3/Garrison | Triggered checkpoint 26885 | -3/Garrison | Triggered checkpoint 26887 | -3/Garrison | Triggered checkpoint 26893 | -3/Garrison | Triggered checkpoint 27006 | -3/Garrison | Build established: Commander-Skirmisher 27250 | -3/Garrison | Lost 3 allies 27270 | -3/Garrison | Triggered checkpoint 27274 | -3/Garrison | Spotted Striker 27291 | -3/Garrison | Destroyed Striker 27331 | -3/Garrison | Rewired Striker 27363 | -3/Garrison | Garrison Relay disabled 27413 | -3/Garrison | Discovered new exit (range 9) 27576 | -3/Garrison | Triggered checkpoint 27625 | -3/Garrison | Garrison Relay disabled 28012 | -3/Garrison | Discovered new exit (range 11) 28041 | -3/Garrison | Triggered checkpoint 28090 | -3/Garrison | Destroyed 8 combat bots 28119 | -3/Garrison | Lost 4 parts (2n1u1w) 28249 | -3/Garrison | Garrison Relay disabled 28471 | -3/Garrison | Discovered new exit (range 12) 28492 | -3/Garrison | Rescued a captive Derelict 28874 | -3/Garrison | Crushed by falling debris 28931 | -3/Garrison | Phase Generator disabled 29062 | -3/Garrison | Garrison Relay disabled 29734 | -3/Garrison | Entered Quarantine 29734 | -3/Quarantine | Accompanied by 35 allies 29735 | -3/Quarantine | Maximum security lockdown engaged 29748 | -3/Quarantine | Found Alien Impact Weapon 29795 | -3/Quarantine | Found Sigix Corpse 29810 | -3/Quarantine | Found Sigix Corpse 29962 | -3/Quarantine | Cryocooling Duct disabled 29977 | -3/Quarantine | Ambient heat levels rising (+20) 29996 | -3/Quarantine | Destroyed 15 combat bots 29997 | -3/Quarantine | Spotted Executioner 30003 | -3/Quarantine | P-80 Master assimilated allied Assassin 7e 30007 | -3/Quarantine | Destroyed Executioner 30011 | -3/Quarantine | P-80 Master assimilated allied Sentinel 7i 30014 | -3/Quarantine | Self-destructed Last Messages --------------- 30007_ The unstable cave ceiling collapses. 30008_ Hvy. Machine Gun destroyed. 30008_ Rnf. Quantum Reactor destroyed. 30009_ The unstable cave ceiling collapses. 30009_ I-47 Archangel destroyed. 30009_ P-80 Master resets P-80 Master, system corruption cleaned. 30010_ Slug penetrates Door. 30011_ P-80 Master hacks Sentinel 7i, assimilated. 30011_ Sentinel 7i destroyed. 30011_ M-36 Artificer destroyed. 30011_ Relay Coupler [Demolisher] destroyed. 30011_ Hardcell Cannon destroyed. 30011_ Gamma Bomb Array destroyed. 30012_ The unstable cave ceiling collapses. 30012_ Corrupted Flexi-carbon Leg crushed. 30012_ Destroyed Adv. Heat Sink. 30012_ P-80 Master knocked back. 30012_ P-80 Master fails to hack Marshal 7a. 30014_ The unstable cave ceiling collapses. 30014_ 11 Matter crushed. Map ----- +----------------------------------------------------+ | | | | | ?????????????????????????????????????????????????? | | ############?????????????????????????????????????? | | """""""""""#?????????????????????????????????????? | | """"T"""" ###????????????????????#####????#####?? | | #???????????#######??# ?? ? #?? | | #???????????# #??# ? #?? | | """ """ """ #?######????# " #??# """"""" #?? | | """ """ """ #?#"""""????# "" #??# """"""""" #?? | | """%""" """ #?#"""""????# "" #??# """"""""" #?? | | #?#""!""##### "" #??# "!""!""!" #?? | | #?# # " #### """"""""" #?? | | ######### ### # "" ; + #?? | | ????????# ## #% ! "" # # #?? | | ????????# !=[!%%=*/ " # ! #?? | | ????????#### !%[%! %%% %!% #?? | | ?????????######## #!#= * [ *! * / #?? | | ?????????# """T %% # ! ! ! %* ###/######?? | | ?????????# ! % /% [ ![!=gd w #??? | | ?????????# =% [%d %!gg%i #??? | | ?????????# = !!! ! =%%H=p %=]p![ #??? | | ?????????# * !! # [ *# !%![!g= d #??? | | ?????????# !! %[ ! = # ####??? | | ?????????############ == =%=%%=! # #?????? | | ???????????###??????# @ |% ## ####### | | ???????????! [????#;; # # [l ## = | | ??????????? ???#;==[ ### ## ;p ###^^ ^^ | | ???????????! "???##% % #??#### #gx##?# """"""" | | ??????????? ????#!* #?????###b#???# ^""""""" | | ######?????# #???#### #??????g Cc?p# """"""" | | #?????? #??????# #??????""????x# ^ | | !! #?????? #??????# #?????"""????x# """"""" | | !! #?????? #??????# #???????"?????x """"""" | | ! #?????# ######## #??????? ?????#d """"""" | | #?????+ #?????????????#xd ????? | | #?????# #?????????????# ?????? | | #?????## #####+#####?????????????# ???????# | | #??????# #?# #??????????????# ???????? | | ############# ### """ #??????????????T ???????? | | ^ + "R #??????????????# ???????? | | ^ # """ #??????????????# ???????? | | ^ # #??????????????? ???????? | | ^ + ! #??????????????? ????????? | | ######+#################?????????????????????????? | | ?????????????????????????????????????????????????? | | ?????????????????????????????????????????????????? | | ?????????????????????????????????????????????????? | | ?????????????????????????????????????????????????? | | ?????????????????????????????????????????????????? | +----------------------------------------------------+ Best States ------------- Heat Dissipation 96 Coolant Potential 80 Energy Generation 45 Energy Capacity 1350 Matter Stores 390 Matter Capacity 400 Sight Range 22 Robot Scan Range 20 Terrain Scan Density 10 Jamming Range 16 Armor Coverage 600 Resistance: KI 25 Core Shielding 30 Weapon Cycling 25 Phase Shifting 15 Evasion (%) 70 Targeting Accuracy 8 Target Analysis 8 Core Analysis 6 Recoil Reduction 4 Kinecelleration 50 Offensive Hacking 10 Relay Coupler Types 6 Relay Coupler Value 334 Item Schematics ----------------- None Robot Schematics ------------------ None Fabricated ------------ S-27 Virus | x4 | -7/Factory | Preloaded Repaired ---------- Nothing Studied --------- Arc Projector | -7/Factory | Hacked Gatling Laser | -7/Factory | Hacked Alien Tech Used ----------------- None Achievements -------------- Analysis Probe Powerful Protocols Challenges ------------ None Game ------ Seed DefenseFusionEngine Manual? 0 Play Time 04:17:14 Cumulative 170.9 hours Start 2026.01.16 @ 10:58:49 End 2026.01.18 @ 10:28:41 Sessions 17 Manual Loads 0 Difficulty Rogue Special Mode None Game No. 190 Rogue 175 Adventurer 15 Explorer 0 Win Type - Total 9 Types 3/0/3/1/0/0/1/0/0/1 Lore% 55 Gallery% 70 Achievement% 54 Wizard Run 0 Options --------- Layout 0 ASCII 0 Keyboard 0 Movement Mouse Keybinds 0 Fullscreen 2 Font 36/Smallcaps Map View 76x50 Zoom Use 0% Tactical HUD 1 Map Filters NONE Filters NONE Steam 1 RUN: e56cfadc-f9d2-4114-bf61-f98bddf7a31a